AoeStats
← NPG | NUNCAPUEDOGANAR

Arena

510513888Analyzed
1v1 RM · 17h ago on Oct 1, 2026· 39m 7s· 2 players
Game mode
Random Map
Map size
Tiny (2 player)
Population
200
Speed
Normal
Resources
Standard
Victory
Conquest
Starting age
Dark Age
Ending age
Imperial Age
RankedLock teamsTeams togetherTeam positionsShared explorationLock speedFull tech treeHidden civsTurbo modeCheats
Victory
Defeat
🇦🇷 Byzantines · Argentina
826
+16
🇨🇱 Khmer · Chile
833
-16
IRS4
11:31 Feudal Age
9:47 Loom
15:33 Castle Age
28:15 Imperial Age
26:41 Scale Mail Armor
26:33 Fletching
27:48 Squires
29:11 Bodkin Arrow
35:25 Gambesons
39:20 Chemistry
NPG | NUNCAPUEDOGANAR
10:25 Feudal Age
11:06 Double-Bit Axe
16:21 Castle Age
16:20 Bloodlines
16:20 Gold Mining
21:20 Bow Saw
21:11 Horse Collar
21:36 Light Cavalry
26:32 Imperial Age
27:10 Wheelbarrow
26:29 Loom
27:08 Heavy Plow
28:13 Stone Mining
29:34 Crop Rotation
30:20 Hand Cart
30:00 Town Watch
34:15 Chemistry
33:40 Ballistics
36:04 Double Crossbow
35:39 Light Cavalry
36:22 Heavy Scorpion
37:50 Husbandry
37:46 Fletching
Connection lost

Rejoining the realm…

Still unreachable

The connection could not be restored.

Session expired

The server has moved on; the page needs a fresh start.